 Dungeon Crawl Stone Soup version 0.27-a0-1147-gb3d8e82157 (webtiles) character file.

Game seed: 2023600000522029250

82 Shayle the Insei (level 4, 0/23 HPs)
             Began as a Vine Stalker Warper on May 11, 2021.
             Killed from afar by an orc wizard (5 damage)
             ... with a magic dart
             ... on level 2 of the Dungeon.
             The game lasted 00:05:11 (1712 turns).

Shayle the Insei (Vine Stalker Warper)              Turns: 1712, Time: 00:05:12

Health: 0/23       AC:  3    Str: 14    XL:     4   Next: 43%
Magic:  0/8        EV: 11    Int: 13    God:
Gold:   62         SH:  0    Dex: 14    Spells: 7/7 levels left

rFire    . . .     SeeInvis .   j - +4 trident
rCold    . . .     Faith    .   (no shield)
rNeg     . . .     Spirit   +   a - +0 leather armour
rPois    .         Reflect  .   (no helmet)
rElec    .         Harm     .   (no cloak)
rCorr    .         Rampage  .   (no gloves)
Will     .....                  (no boots)
Stlth    +.........             (no amulet)
HPRegen  1.07/turn              (no ring)
MPRegen  0.11/turn              (no ring)

@: no status effects
A: fangs 2, regeneration 1, magic shield, antimagic bite, no potion heal 2
a: no special abilities


You were on level 2 of the Dungeon.
You visited 1 branch of the dungeon, and saw 3 of its levels.

You collected 62 gold pieces.

Inventory:

Hand Weapons
 j - a +4 trident (weapon)
Missiles
 d - 5 boomerangs of dispersal (quivered)
Armour
 a - a +0 leather armour (worn)
Scrolls
 c - a scroll of blinking
 e - a scroll of amnesia {unknown}
 h - 3 scrolls of enchant armour {unknown}
 k - a scroll of identify {unknown}
 o - a scroll of teleportation {unknown}
Potions
 b - a potion of invisibility {unknown}
 f - a potion of lignification {unknown}
 g - a potion of curing {unknown}
 i - a potion of haste {unknown}
 l - a potion of resistance
 m - a potion of brilliance {unknown}
 n - a potion of degeneration {unknown}
 p - a potion of cancellation {unknown}


   Skills:
 - Level 1.7 Fighting
 - Level 0.8 Throwing
 - Level 0.7 Armour
 - Level 1.5 Dodging
 + Level 4.5 Unarmed Combat
 - Level 2.1 Spellcasting
 - Level 3.0 Translocations


You had 7 spell levels left.
You didn't know any spells.
Your spell library contained the following spells:

 Spells                   Type           Power      Damage    Failure   Level
 Blink                    Tloc           N/A        N/A       14%         2
 Gell's Gravitas          Tloc           4%         N/A       28%         3
 Lesser Beckoning         Tloc           4%         N/A       28%         3
 Teleport Other           Tloc           9%         N/A       28%         3
 Manifold Assault         Tloc           9%         N/A       95%         5


Dungeon Overview and Level Annotations

Branches:
Dungeon (3/15)

Altars:


Innate Abilities, Weirdness & Mutations

You have extremely sharp teeth.
Your natural rate of healing is unusually fast.
When hurt, damage is shared between your health and your magic reserves.
Your bite disrupts and absorbs the magic of your enemies.
Potions cannot restore your health.


Message History

Unknown command.
You puncture the orc wizard!
You kill the orc wizard!
The orc wizard barely misses you.
You barely miss the orc wizard.
The orc wizard hits you with a +0 dagger.
* * * LOW HITPOINT WARNING * * *
The orc wizard hits you but does no damage.
Unknown command.
You puncture the orc wizard!
You bite the orc wizard, but do no damage.
The orc wizard is severely wounded.
The orc wizard closely misses you.
Unknown command.
You barely miss the orc wizard.
The orc wizard is severely wounded.
The orc wizard hits you with a +0 dagger.
* * * LOW HITPOINT WARNING * * *
Unknown command.
You closely miss the orc wizard.
You bite the orc wizard, but do no damage.
The orc wizard is severely wounded.
The orc wizard hits you with a +0 dagger.
* * * LOW HITPOINT WARNING * * *
Unknown command.
You completely miss the orc wizard.
The orc wizard is severely wounded.
The orc wizard gestures at you while chanting.
You resist with some effort. The orc wizard misses you.
Unknown command.
You barely miss the orc wizard. Your bite misses the orc wizard.
The orc wizard is severely wounded.
The orc wizard points at you and mumbles some strange words.
You resist with some effort.
Unknown command.
You closely miss the orc wizard.
The orc wizard is severely wounded.
The orc wizard casts a spell at you. The magic dart hits you.
You die...

)''......'.....##########.#.#
.##......####..# #.#.#
.##......# #..# #<#.#
.##.....)# #..############.##
########## ##...............#
........######..##############
........#....#..##
........#....##[o#
........#....'.)@#
........#....#####
........##'### ####'#####.#
#..).##.# ## #....##.#
.###....##.# .+.........#
.###.#######


You could see an orc wizard.

Vanquished Creatures
  An orc wizard (D:2)
  2 adders (D:2)
  2 dart slugs
  An orc (D:2)
  3 ball pythons
  4 bats
  4 endoplasms (D:1)
  6 goblins
  2 hobgoblins
  2 quokkas (D:1)
  5 frilled lizards
  A kobold (D:1)
  4 rats
37 creatures vanquished.

Notes
Turn   | Place    | Note
-------+----------+-------------------------------------------
     0 | D:1      | Shayle the Vine Stalker Warper began the quest for the Orb.
     0 | D:1      | Reached XP level 1. HP: 11/11 MP: 4/4
   197 | D:1      | Reached XP level 2. HP: 14/15 MP: 6/6
   653 | D:1      | Reached skill level 3 in Unarmed Combat
   996 | D:1      | Reached XP level 3. HP: 18/18 MP: 7/7
  1613 | D:2      | Reached skill level 4 in Unarmed Combat
  1677 | D:2      | Gained mutation: Your natural rate of healing is unusually
                  | fast. [Vine Stalker growth]
  1677 | D:2      | Reached XP level 4. HP: 12/23 MP: 5/8
  1708 | D:2      | HP: 1/23 [orc wizard/+0 dagger (4)]
  1712 | D:2      | Killed from afar by an orc wizard

Illustrated notes

Levels and vault maps discovered:
D:1:      doesnt_arrival_eight_statues, layout_loops_ring, minmay_heptomino_d4
D:2:      layout_basic
D:3:      layout_rooms, ebering_ecumenical_altar_abandoned, serial_shops,
          nicolae_shop_overgrown_old_shop, nrook_campfire

Skill      XL: |  1  2  3 |
---------------+----------+-----
Unarmed Combat | 3 4 |  4.5
Fighting       | |  1.7
Throwing       | |  0.8
Armour         | |  0.7
Dodging        | |  1.5
Spellcasting   | |  2.1
Translocations | |  3.0

Action                   |  1- 3 |  4- 6 || total
-------------------------+-------+-------++-------
Melee: Unarmed           |    66 |       ||    66
       Bite              |    17 |     2 ||    19
       Punch             |     1 |       ||     1
       Trident           |    21 |    12 ||    33
Armor: Leather armour    |    23 |     5 ||    28
Dodge: Dodged            |    47 |     6 ||    53

Table legend: (Time is in decaauts)
 A = Elapsed time spent in this place.
 B = Non-inter-level travel time spent in this place.
 C = Inter-level travel time spent in this place.
 D = Time resting spent in this place.
 E = Time spent auto-exploring this place.
 F = Levels seen in this place.
 G = Mean time per level.
                   A        B        C        D        E       F      G
               +--------+--------+--------+--------+--------+-----+--------+
         Total |   1722 |   1621 |    101 |    175 |   1055 |   3 |  574.0 |
       Dungeon |   1722 |   1621 |    101 |    175 |   1055 |   3 |  574.0 |
               +--------+--------+--------+--------+--------+-----+--------+

Top non-repeatable levels by time:
     D:1: 1084 daAuts
     D:2: 564 daAuts
     D:3: 73 daAuts
